 Dungeon Crawl Stone Soup version 0.24-a0-36-gf1fd2d0 (webtiles) character file.

Game seed: 14281919146051437743

65 Dantiko the Cudgeler (level 3, -1/33 HPs)
             Began as a Minotaur Berserker on Feb 2, 2019.
             Was a Believer of Trog.
             Slain by an orc
             ... wielding a +0 club
              (3 damage)
             ... on level 3 of the Dungeon.
             The game lasted 00:04:07 (1856 turns).

Dantiko the Cudgeler (Minotaur Berserker)           Turns: 1856, Time: 00:04:08

Health: -1/33      AC:  6    Str: 21    XL:     3   Next: 92%
Magic:  2/2        EV: 10    Int:  4    God:    Trog [**....]
Gold:   50         SH:  0    Dex: 10    Spells: 2/2 levels left

rFire    . . .     SeeInvis .   a - +1 mace
rCold    . . .     Gourm    .   (no shield)
rNeg     . . .     Faith    .   n - +0 scale mail
rPois    .         Spirit   .   (helmet restricted)
rElec    .         Reflect  .   (no cloak)
rCorr    .         Harm     .   (no gloves)
MR       .....                  (no boots)
Stlth    ..........             (no amulet)
HPRegen  0.11/turn              (no ring)
MPRegen  0.08/turn              (no ring)

@: no status effects
A: retaliatory headbutt, horns 2
a: Berserk, Trog's Hand, Renounce Religion


You were on level 3 of the Dungeon.
You worshipped Trog.
Trog was pleased with you.
You were hungry.

You visited 1 branch of the dungeon, and saw 3 of its levels.

You collected 50 gold pieces.

Inventory:

Hand Weapons
 a - a +1 mace (weapon)
Missiles
 b - 41 stones (quivered)
Armour
 n - a +0 scale mail (worn)
Scrolls
 f - a scroll of magic mapping
 g - a scroll of immolation {unknown}
 k - a scroll of fog {unknown}
 l - a scroll of noise {unknown}
 m - a scroll of enchant armour {unknown}
Potions
 h - a potion of cancellation {unknown}
 i - 2 potions of degeneration {unknown}
Comestibles
 c - 6 rations


   Skills:
 - Level 3.6 Fighting
 * Level 5.8 Maces & Flails
 - Level 2.4 Armour
 - Level 2.2 Dodging


You had 2 spell levels left.
You didn't know any spells.
Your spell library was empty.

Dungeon Overview and Level Annotations

Branches:
Dungeon (3/15)

Altars:
Wu Jian

Annotations:
D:3 Grinder


Innate Abilities, Weirdness & Mutations

You reflexively headbutt those who attack you in melee.
You have a pair of horns on your head.


Message History

You furiously retaliate!
You headbutt Grinder!
Okay, then.
You hit Grinder. You headbutt Grinder.
Grinder is moderately wounded.
The orc closely misses you. Grinder hits you.
* * * LOW HITPOINT WARNING * * *
You writhe in agony.
* * * LOW HITPOINT WARNING * * *
A jackal comes into view.
The orc hits you with a +0 club.
* * * LOW HITPOINT WARNING * * *
There is a stone staircase leading up here.
You climb upwards.
There is a stone staircase leading down here.
You climb downwards.
You hear the sound of rushing water.
There is an entrance to a sewer on this level.
Hurry and find it before the portal rusts away!
Level annotation: Grinder The orc hits you with a +0 club.
You die...

####.######
#..h.oh...#
.....h5##h#
#h##.#o #@#
# .. #o#
.#. ...
#.##.#... #
#.#.#.# #
#.#.# #.#.#
..# #


You could see an orc and a jackal.

Vanquished Creatures
  An adder (D:2)
  4 worms (D:2)
  A dart slug (D:1)
  2 leopard geckos
  2 giant cockroaches
  4 goblins
  5 hobgoblins
  7 kobolds
  7 bats
  3 frilled lizards
  3 rats (D:1)
39 creatures vanquished.

Notes
Turn   | Place    | Note
-------+----------+-------------------------------------------
     0 | D:1      | Dantiko the Minotaur Berserker began the quest for the Orb.
     0 | D:1      | Reached XP level 1. HP: 19/19 MP: 0/0
   102 | D:1      | Reached skill level 4 in Maces & Flails
   131 | D:1      | Reached XP level 2. HP: 14/27 MP: 1/1
   654 | D:1      | Reached skill level 5 in Maces & Flails
   794 | D:2      | Found an ornate altar of the Wu Jian Council.
   833 | D:2      | Reached XP level 3. HP: 31/33 MP: 2/2
   999 | D:2      | Reached ** piety under Trog
  1839 | D:3      | Noticed Grinder
  1841 | D:3      | Paralysed by Grinder for 7 turns
  1850 | D:3      | HP: 1/33 [orc/+0 club (1)]
  1856 | D:3      | Slain by an orc

Vault maps used:
D:1:      scummos_arrival_gate
D:2:      minmay_alternating_diamond, lemuel_doored_altar
D:3:      first_ration, portal_sewer_entry_c, makhleb_heckhound_becter,
          uniq_grinder

Skill      XL: |  1  2 |
---------------+-------+-----
Maces & Flails | 4 5 |  5.8
Fighting       | |  3.6
Armour         | |  2.4
Dodging        | |  2.2

Action                   || total
-------------------------++-------
Melee: Mace              ||    87
       Headbutt          ||    13
  Use: Scroll            ||     6
 Stab: Sleeping          ||     2
  Eat: Chunk             ||     2
Armor: Animal skin       ||    17
       Scale mail        ||     2
Dodge: Dodged            ||    65

Table legend:
 A = Non-vault XP
 B = Vault XP
 C = Vault XP percentage of total XP
 D = Non-vault monster count
 E = Vault monster count
 F = Vault count percentage of total count
                 A         B        C        D         E       F
            +---------+---------+-------+---------+---------+-------
      Total |      88 |       5 |   5.4 |      36 |       3 |   7.7
            +---------+---------+-------+---------+---------+-------
        D:1 |      39 |       0 |   0.0 |      22 |       0 |   0.0
        D:2 |      49 |       5 |   9.3 |      14 |       3 |  17.6
            +---------+---------+-------+---------+---------+-------
